Map: Simulacrum LE

Players

GoodbyeKitty

  • Race: Zerg Zerg
  • League: Diamond
  • Spawn Location: 5:00

IlIlIlIlIlIl - Winner!

  • Race: Protoss Protoss
  • League: Diamond
  • Spawn Location: 11:00

VOD

Have the link to the VOD?

Description

Time

  • Played on: May 16, 2020, 11:43 a.m.
  • Length: 11:35
Show
View Real Time Build Order
Export as new Build Order

GoodbyeKitty Zerg 

Build Orders: Hatch First 

Get SALT Encoding   

  12  0:02  Drone  
  13  0:12  Overlord  
  13  0:18  Drone  
  14  0:32  Drone x2  
  16  0:38  Drone  
  17  0:52  Hatchery  
  16  0:58  Drone  
  17  1:12  Spawning Pool  
  17  1:15  Drone  
  17  1:16  Drone  
  18  1:20  Drone  
  19  1:38  Drone  
  20  1:50  Overlord  
  20  1:52  Hatchery  
  19  1:59  Queen  
  21  2:07  Queen  
  23  2:12  Drone  
  24  2:20  Drone x3  
  27  2:29  Overlord  
  27  2:30  Drone x2  
  27  2:37  Extractor x2  
  28  2:41  Overlord  
  27  2:46  Drone  
  27  2:47  Drone  
  29  2:52  Zergling x2  
  29  2:58  Roach Warren  
  29  3:02  Drone x2  
  31  3:09  Drone x2  
  31  3:10  Drone x2  
  35  3:22  Queen  
  37  3:30  Drone x2  
  37  3:31  Drone x3  
  42  3:38  Lair  
  42  3:43  Extractor  
  41  4:03  Metabolic Boost, Zergling x10  
  41  4:09  Zergling x12  
  53  4:10  Zergling x4  
  54  4:18  Baneling Nest  
  53  4:28  Drone x4  
  53  4:29  Drone  
  58  4:33  Overlord  
  58  4:34  Overlord  
  58  4:49  Hydralisk Den  
  58  4:51  Overseer  
  56  5:04  Drone  
  56  5:05  Drone x11  
  56  5:06  Drone  
  66  5:17  Drone x5  
  71  5:24  Baneling x3  
  71  5:25  Baneling x3  
  71  5:26  Roach  
  73  5:32  Spine Crawler, Spore Crawler  
  59  6:00  Hydralisk x4  
  59  6:01  Hydralisk x3  
  73  6:11  Zergling x6  
  72  6:12  Overlord x3  
  70  6:27  Spawning Pool  
  70  6:31  Roach x4  
  70  6:32  Roach  
  73  6:42  Hydralisk  
  73  6:43  Hydralisk x2  
  74  6:49  Roach x2  
  74  6:50  Roach  
  74  6:58  Roach x2  
  72  7:06  Hydralisk  
  70  7:26  Lair  
  70  7:32  Extractor x2  
  68  7:48  Hatchery  
  67  7:51  Zergling x6  
  67  7:52  Zergling x6  
  73  8:08  Hydralisk x2  
  73  8:11  Baneling x4  
  77  8:20  Grooved Spines  
  77  8:28  Centrifical Hooks  
  77  8:32  Queen  
  79  8:37  Hydralisk x2  
  79  8:38  Overlord x3  
  83  8:46  Extractor  
  82  8:53  Overlord x2  
  82  8:55  Zergling x2  
  83  8:56  Queen  
  85  9:05  Queen  
  85  9:07  Queen, Drone x3  
  92  9:14  Baneling  
  92  9:15  Baneling x3  
  92  9:17  Drone x2  
  92  9:18  Drone  
  92  9:23  Overseer  
  95  9:37  Roach x6  
  107  9:41  Roach x3  
  113  9:50  Ravager x4  
  113  9:51  Ravager x2  
  113  9:52  Roach x2  
  123  9:53  Zergling x2  
  123  9:58  Roach  
  123  9:59  Roach x2  
  130  10:05  Extractor  
  130  10:21  Ravager  
  130  10:27  Hydralisk  
  130  10:34  Hydralisk  
  127  10:43  Overlord x4  
  111  11:00  Drone  
  111  11:01  Drone x8  
  105  11:11  Roach  
Show
View Real Time Build Order
Export as new Build Order

IlIlIlIlIlIl Protoss - Winner!

Build Orders: Nexus First 

Get SALT Encoding   

  12  0:00  Probe  
  13  0:12  Probe  
  14  0:20  Pylon  
  14  0:24  Probe  
  15  0:38  Probe  
  16  0:50  Probe  
  17  1:00  Nexus  
  17  1:12  Gateway  
  17  1:17  Pylon  
  17  1:21  Probe (Chrono Boost)  
  19  1:33  Probe (Chrono Boost)  
  19  1:35  Assimilator  
  19  1:37  Assimilator  
  19  1:38  Probe (Chrono Boost)  
  20  1:48  Probe  
  21  1:59  Cybernetics Core  
  21  2:00  Probe (Chrono Boost)  
  22  2:04  Zealot  
  24  2:10  Probe (Chrono Boost)  
  24  2:14  Probe (Chrono Boost)  
  26  2:20  Probe (Chrono Boost)  
  26  2:21  Probe (Chrono Boost)  
  28  2:26  Probe (Chrono Boost)  
  28  2:27  Probe (Chrono Boost)  
  30  2:36  Robotics Facility  
  30  2:39  Probe (Chrono Boost)  
  32  2:44  Probe (Chrono Boost)  
  32  2:45  Sentry  
  32  2:47  Probe (Chrono Boost)  
  35  2:55  Probe x2  
  35  2:56  Warp Gate  
  37  3:05  Pylon  
  37  3:07  Probe x2  
  37  3:09  Pylon  
  39  3:19  Probe x2  
  41  3:20  Immortal (Chrono Boost)  
  45  3:29  Adept  
  45  3:31  Probe  
  45  3:32  Probe  
  49  3:50  Immortal (Chrono Boost)  
  53  4:11  Nexus  
  53  4:14  Pylon  
  53  4:19  Gateway  
  53  4:20  Gateway  
  53  4:21  Gateway  
  53  4:22  Gateway  
  53  4:26  Gateway  
  53  4:27  Pylon  
  53  4:30  Warp Prism (Chrono Boost)  
  53  4:35  Pylon  
  53  4:37  Probe x2  
  57  4:46  Pylon  
  57  4:49  Probe  
  57  4:51  Assimilator  
  58  4:53  Adept  
  60  5:14  Probe  
  60  5:19  Probe  
  59  5:21  Assimilator  
  59  5:22  Observer  
  59  5:26  Probe  
  59  5:27  Forge  
  61  5:31  Twilight Council, Probe  
  62  5:38  Probe  
  62  5:39  Zealot x3  
  62  5:40  Zealot x3  
  73  5:43  Probe  
  74  5:50  Probe  
  73  5:59  Probe, Blink (Chrono Boost)  
  74  6:04  Adept x2  
  74  6:05  Adept x4  
  74  6:06  Probe  
  74  6:08  Protoss Ground Weapons Level 1 (Chrono Boost)  
  79  6:28  Probe  
  79  6:30  Probe  
  79  6:32  Immortal (Chrono Boost)  
  81  6:37  Adept x2  
  81  6:38  Adept x3  
  85  6:46  Probe  
  84  6:53  Probe  
  85  6:58  Probe  
  86  7:06  Probe  
  83  7:08  Immortal (Chrono Boost)  
  83  7:09  Nexus  
  83  7:10  Probe  
  83  7:11  Pylon  
  83  7:12  Pylon  
  83  7:15  Pylon, Sentry, Stalker  
  84  7:23  Pylon  
  84  7:28  Stalker  
  86  7:33  Probe  
  86  7:35  Probe  
  88  7:38  Pylon  
  88  7:42  Immortal  
  88  7:43  Stalker  
  94  7:44  Sentry  
  94  7:45  Stalker x3  
  94  7:47  Probe  
  103  7:53  Pylon  
  103  8:03  Stalker  
  105  8:07  Probe  
  105  8:08  Probe  
  107  8:19  Probe  
  108  8:20  Photon Cannon  
  108  8:22  Shield Battery, Observer (Chrono Boost)  
  108  8:24  Gateway  
  108  8:26  Gateway  
  109  8:27  Charge  
  109  8:28  Shield Battery, Probe x2  
  109  8:29  Pylon  
  109  8:31  Stalker  
  113  8:35  Protoss Ground Weapons Level 2 (Chrono Boost)  
  113  8:42  Pylon  
  113  8:46  Observer (Chrono Boost)  
  114  8:52  Stalker x3  
  114  8:53  Stalker  
  122  8:56  Stalker x2  
  126  9:05  Assimilator  
  126  9:06  Pylon  
  126  9:09  Observer  
  126  9:10  Pylon  
  126  9:13  Pylon  
  126  9:14  Pylon  
  126  9:22  Stalker x4  
  126  9:23  Stalker x2  
  138  9:24  Sentry  
  140  9:59  Stalker, Dark Shrine  
  142  10:00  Stalker x6  
  142  10:01  Stalker  
  155  10:36  Zealot x3  
  155  10:37  Zealot x5  
Tags
 
Add a new tag
Caveats
  • Supply blocks, unpowered buildings, or Contaminate may cause inaccurate times.
  • Supply counts are checked every 10 seconds.